 Dungeon Crawl Stone Soup version 0.20.1-1-g8b1a95d66d (webtiles) character file.

30 NullDivider the Charlatan (level 3, 0/23 HPs)
             Began as an Octopode Artificer on Dec 5, 2017.
             Succumbed to poison (dark miasma)
             ... on level 2 of the Dungeon.
             The game lasted 00:04:57 (1181 turns).

NullDivider the Charlatan (Octopode Artificer)      Turns: 1181, Time: 00:04:57

Health: 0/23       AC:  1    Str: 11    XL:     3   Next: 20%
Magic:  5/5        EV: 13    Int: 13    God:
Gold:   111        SH:  0    Dex: 13    Spells: 2/2 levels left

rFire    . . .     SeeInvis .   k - +0 dagger
rCold    . . .     Gourm    .   (no shield)
rNeg     . . .     Faith    .   (helmet restricted)
rPois    .         Spirit   .   (no amulet)
rElec    .         Reflect  .   (no ring)
rCorr    .         Harm     .   (no ring)
MR       +....                  (no ring)
Stlth    +++.......             (no ring)
Regen    0.1/turn               (no ring)
MPRegen  0.1/turn               (no ring)
                                (no ring)
                                (no ring)

@: lethally poisoned (0 -> -21), very slightly contaminated, hasted, invisible,
very quick
A: almost no armour, stealthy swim, amphibious, 8 rings, constrict 8, camouflage
1, blurry vision 1, magic resistance 1, gelatinous body 1
a: no special abilities


You were on level 2 of the Dungeon.
You were not hungry.

You visited 1 branch of the dungeon, and saw 2 of its levels.

You collected 111 gold pieces.

Inventory:

Hand Weapons
 k - a +0 dagger (weapon)
Jewellery
 l - an uncursed ring of wizardry {unknown}
 p - a cursed ring of teleportation {unknown}
Wands
 b - a wand of flame (45/48)
 c - a wand of enslavement (15/24)
 d - a wand of random effects (15/48)
Scrolls
 a - 2 scrolls of identify {unknown}
 e - a scroll of teleportation {unknown}
 i - a scroll of remove curse {unknown}
 m - 2 scrolls of enchant armour {unknown}
 n - a scroll of amnesia {unknown}
Potions
 h - 4 potions of haste
 o - a potion of mutation
Comestibles
 f - a bread ration
 g - a meat ration
 q - 3 chunks of flesh


   Skills:
 + Level 1.4 Fighting
 + Level 1.2 Short Blades
 + Level 2.1 Dodging
 * Level 3.1 Stealth
 + Level 3.6 Evocations


You had 2 spell levels left.
You didn't know any spells.

Dungeon Overview and Level Annotations

Branches:
Dungeon (2/15)

Altars:
Yredelemnul
The Shining One


Innate Abilities, Weirdness & Mutations

You cannot wear most types of armour.
You are very stealthy in the water. (Stealth+)
You are amphibious.
You can wear up to eight rings at the same time.
You can use your tentacles to constrict eight enemies at once.
Your skin changes colour to match your surroundings (Stealth+).
Your rubbery body absorbs attacks. (AC +1, EV +1)
Scrolls take you a little longer to read.
You are resistant to hostile enchantments. (MR+)


Message History

You feel sick.
You are very lightly contaminated with residual magic.
It was a potion of mutation.
You feel extremely strange.
Your vision blurs.
You feel resistant to hostile enchantments.
* * * LOW HITPOINT WARNING * * *
You feel sick.
* * * LOW HITPOINT WARNING * * *
You feel sick.
* * * LOW HITPOINT WARNING * * *
You feel sick.
You aren't wearing any rings or amulets.
You begin reading the scroll.
You continue reading the scroll.
* * * LOW HITPOINT WARNING * * *
You feel sick.
As you read the scroll labeled GEUDWO MEPHIWYO, it crumbles to dust.
It is a scroll of recharging.
Charge which item? (? for menu, Esc to quit)
Your wand of flame (15/48) glows for a moment and now has 45 charges.
You die...

.##########.......# # .#
#........# # .#
#........## #### .#
#.........## #... .#
##'######..# #... .# ###
##.## ###. .#
##########...####### #
#. ##
###§.§.§.#...#.§...§##
#.
#A#._...@'...'...._.#A
#.
###§.§.§.#...#.§.§.§##
#. ##########...#######
# #. ##########.########
#.
#........#........######
#........##.......'..# #
#........##.......##.# #
#........##.......<..###
#........#######'######.


You could see a profane servitor.

Vanquished Creatures
  An adder (D:2)
  2 leopard geckos
  2 bats
  A giant cockroach (D:1)
  4 goblins
  2 hobgoblins
  A quokka (D:2)
  3 kobolds (D:2)
  4 rats (D:2)
20 creatures vanquished.

Vanquished Creatures (others)
  A hobgoblin (D:2)
1 creature vanquished.

Grand Total: 21 creatures vanquished

Notes
Turn   | Place    | Note
-------+----------+-------------------------------------------
     0 | D:1      | NullDivider the Octopode Artificer began the quest for the Orb.
     0 | D:1      | Reached XP level 1. HP: 13/13 MP: 3/3
   224 | D:1      | Reached XP level 2. HP: 18/18 MP: 4/4
   873 | D:2      | Found a glowing golden altar of the Shining One.
   875 | D:2      | Noticed an angel
   967 | D:2      | Reached XP level 3. HP: 23/23 MP: 5/5
  1070 | D:2      | Found a basalt altar of Yredelemnul.
  1072 | D:2      | Noticed a profane servitor
  1176 | D:2      | Gained mutation: Scrolls take you a little longer to read. [potion of mutation]
  1176 | D:2      | Gained mutation: You are resistant to hostile enchantments. (MR+) [potion of mutation]
  1180 | D:2      | HP: 1/23 [poison (dark miasma)]
  1181 | D:2      | Succumbed to poison (dark miasma)

Skill      XL: |  1  2 |
---------------+-------+-----
Stealth        | 2 3 |  3.1
Fighting       | |  1.4
Short Blades   | |  1.2
Dodging        | |  2.1
Evocations     | |  3.6

Action                   || total
-------------------------++-------
Melee: Short sword       ||     6
       Tentacles         ||    10
       Dagger            ||    30
       Constrict         ||     7
  Use: Potion            ||     3
       Scroll            ||     1
 Stab: Sleeping          ||     7
  Eat: Chunk             ||     1
Armor: Skin              ||     3
Dodge: Dodged            ||    18
